 Dungeon Crawl Stone Soup version 0.30.0-5-g1a98f26d00 (webtiles) character file.

Game seed: 18315390935474534991

185 SnakkuSnakku7 the Trooper (level 5, -4/34 HPs)
             Began as a Deep Elf Transmuter on May 11, 2023.
             Slain by Terence
             ... wielding a +0 mace
              (7 damage)
             ... on level 3 of the Dungeon.
             The game lasted 00:03:59 (2131 turns).

SnakkuSnakku7 the Trooper (Deep Elf Transmuter)     Turns: 2131, Time: 00:03:59

Health: -4/34      AC:  2    Str:  7    XL:     5   Next: 37%
Magic:  11/11      EV: 13    Int: 18    God:
Gold:   90         SH:  0    Dex: 17    Spells: 9/10 levels left

rFire   + . .        i - +0 short sword
rCold   + . .        (no shield)
rNeg    . . .        a - +0 robe
rPois   +            (no helmet)
rElec   +            (no cloak)
rCorr   +            (no gloves)
SInv    .            (no boots)
Will    .....        (no amulet)
Stlth   ++           g - ring of flight
HPRegen 0.25/turn    (no ring)
MPRegen 0.12/turn

%: no passive effects
@: brilliant, about to teleport, resistant, attractive, flying
A: no striking features
a: no special abilities


You were on level 3 of the Dungeon.
You visited 1 branch of the dungeon, and saw 3 of its levels.

You collected 90 gold pieces.

Inventory:

Hand Weapons
 i - a +0 short sword (weapon)
Armour
 a - a +0 robe (worn)
Jewellery
 g - a ring of flight (left hand)
Scrolls
 b - a scroll of torment
 e - a scroll of noise {unknown}
 f - a scroll of amnesia
 h - a scroll of fear {unknown}
 k - a scroll of teleportation
 m - 2 scrolls of identify {unknown}
Potions
 j - 2 potions of cancellation


   Skills:
 + Level 4.4 Fighting
 - Level 2.4 Dodging
 - Level 2.4 Unarmed Combat
 - Level 3.0 Spellcasting
 - Level 2.1 Transmutations


You had 9 spell levels left.
You knew the following spells:

 Your Spells              Type           Power      Damage    Failure   Level
a - Beastly Appendage     Tmut           30%        N/A       7%          1

Your spell library contained the following spells:

 Spells                   Type           Power      Damage    Failure   Level
 Wereblood                Tmut           15%        N/A       10%         2
 Spider Form              Tmut/Pois      9%         N/A       30%         3
 Ice Form                 Ice/Tmut       9%         N/A       71%         4


Dungeon Overview and Level Annotations

Branches:
Dungeon (3/15)

Altars:

Annotations:
D:3 Terence


Message History

It was a potion of cancellation.
Your magical effects are unravelling.
You feel magically purged.
Your horns disappear.
Your talons disappear.
Terence hits you with a +0 mace.
* * * LOW HITPOINT WARNING * * *
It was a potion of flight.
You feel more buoyant.
Terence zaps a wand.
The puff of flame misses you.
It was a potion of curing.
You feel better. Terence barely misses you.
It was a potion of attraction.
You feel attractive to monsters. Terence closely misses you.
It was a potion of resistance.
You feel protected.
Terence zaps a wand.
The puff of flame misses you.
It was a potion of brilliance.
You feel clever all of a sudden.
Terence zaps a wand.
The puff of flame hits you. You resist.
Unknown command.
You aren't carrying any items that you can evoke.
Unknown command.
As you read the scroll labelled MAETWA CUAJOUL, it crumbles to dust.
Your body is wracked with pain!
* * * LOW HITPOINT WARNING * * *
Terence convulses!
It was a scroll of torment.
Terence hits you with a +0 mace.
* * * LOW HITPOINT WARNING * * *
As you read the scroll labelled DAUT ZUIDIMOAMN, it crumbles to dust.
It is a scroll of amnesia.
Forget Beastly Appendage, freeing 1 spell level for a total of 10?
Really abort (and waste the scroll)? [Y]es or [N]o only, please.
Really abort (and waste the scroll)?
Okay, then.
Terence zaps a wand.
The puff of flame hits you. You resist.
* * * LOW HITPOINT WARNING * * *
As you read the scroll labelled EKHAP JUNT, it crumbles to dust.
You feel strangely unstable.
It was a scroll of teleportation.
Terence hits you with a +0 mace!
You die...

#.# #.# #.# ##..##
#.#######... #######.####...##
#....g.g..#.)................#
##.#####g. .########.####.....
#.# ##+ #######..># ##.### #.#
...) #....†.### #.# # #..
⌠...⌠ ##.##### #.### ##.
......##.# #.... .+ ..⌠...@@.#
##### ## ......##.# ⌠...⌠ #.#
.... #.# ##+ ..# .## #


You could see Terence.

Vanquished Creatures
  Natasha (D:3)
  4 gnolls (D:3)
  6 adders
  3 dart slugs
  An orc (D:3)
  5 ball pythons
  4 endoplasms
  3 giant cockroaches
  5 hobgoblins (D:1)
  4 jackals (D:1)
  3 kobolds
  5 quokkas
  6 bats
  8 frilled lizards
  4 goblins (D:1)
  6 rats
68 creatures vanquished.

Notes
Turn   | Place    | Note
-------+----------+-------------------------------------------
     0 | D:1      | SnakkuSnakku7 the Deep Elf Transmuter began the quest for
                  | the Orb.
     0 | D:1      | Reached XP level 1. HP: 11/11 MP: 6/6
     9 | D:1      | Reached skill level 1 in Fighting
    13 | D:1      | Found a faded altar of an unknown god.
   112 | D:1      | Reached XP level 2. HP: 7/17 MP: 8/8
   209 | D:1      | Reached skill level 2 in Fighting
   347 | D:1      | Reached XP level 3. HP: 10/22 MP: 7/9
   852 | D:2      | Reached skill level 3 in Fighting
   861 | D:2      | Reached XP level 4. HP: 18/28 MP: 8/10
  1120 | D:2      | HP: 1/28 [poisoned by an adder]
  1833 | D:3      | Reached skill level 4 in Fighting
  1833 | D:3      | Reached XP level 5. HP: 26/33 MP: 11/11
  1931 | D:3      | Noticed Natasha
  1943 | D:3      | Killed Natasha
  2118 | D:3      | Noticed Terence
  2131 | D:3      | Slain by Terence

Illustrated notes

Levels and vault maps discovered:
D:1:      scummos_arrival_star, layout_rooms, basic_ecumenical_altar,
          corexii_corridor_pit, minmay_indecisive_spiral
D:2:      layout_loops_ring
D:3:      layout_loops_ring, minmay_fountain_box, kennysheep_cross_bottleneck,
          hangedman_decor_growths, amcnicky_mini_corridor_feature,
          minmay_shallow_snake_nest, uniq_natasha, uniq_terence

Skill      XL: |  1  2  3  4 |
---------------+-------------+-----
Fighting       | 1 2 3 4 |  4.4
Dodging        | |  2.4
Unarmed Combat | |  2.4
Spellcasting   | |  3.0
Transmutations | |  2.1

Action                     |  1- 3 |  4- 6 || total
---------------------------+-------+-------++-------
  Melee: Unarmed           |    66 |       ||    66
         Headbutt          |    12 |    10 ||    22
         Kick              |    18 |    12 ||    30
         Punch             |     3 |     4 ||     7
         Short sword       |    59 |   118 ||   177
   Cast: Beastly Appendage |    12 |     8 ||    20
    Use: Potion            |     1 |     6 ||     7
         Scroll            |       |     3 ||     3
   Stab: Sleeping          |     1 |       ||     1
 Armour: Robe              |    30 |    20 ||    50
         Skin              |     4 |       ||     4
  Dodge: Dodged            |   107 |    95 ||   202
